 Dungeon Crawl Stone Soup version 0.18-a0-1497-g788d838 (webtiles) character file.

45 Ijustatesigmund the Insei (level 3, 0/25 HPs)
             Began as an Octopode Transmuter on Mar 4, 2016.
             Slain by Natasha (8 damage)
             ... on level 2 of the Dungeon.
             The game lasted 00:02:49 (1368 turns).

Ijustatesigmund the Insei (Octopode Transmuter)     Turns: 1368, Time: 00:02:49

Health: 0/25       AC:  1    Str:  9    XL:     3   Next: 64%
Magic:  5/6        EV: 12    Int: 16    God:
Gold:   30         SH:  0    Dex: 12    Spells: 3 memorised, 0 levels left

rFire  . . .     SeeInvis .       - Unarmed
rCold  . . .     Gourm    .     (no shield)
rNeg   . . .     Faith    .     (helmet restricted)
rPois  .         Spirit   .     (no amulet)
rElec  .         Dismiss  .     (no ring)
rCorr  .         Reflect  .     (no ring)
SustAt .         Harm     .     (no ring)
MR     .....                    (no ring)
Stlth  ++........               (no ring)
                                (no ring)
                                (no ring)
                                (no ring)

@: appendage, slowed, very slow, not resistant to hostile enchantments,
unstealthy
A: almost no armour, amphibious, 8 rings, constrict 8, tentacle spike 3,
camouflage 1, gelatinous body 1
a: End Transformation


You were on level 2 of the Dungeon.
You were not hungry.
One of your tentacles had a temporary spike.
You visited 1 branch of the dungeon, and saw 2 of its levels.

You collected 30 gold pieces.

Inventory:

Missiles
 a - 12 arrows
Scrolls
 g - a scroll of remove curse {unknown}
Potions
 d - a potion of curing
 e - a potion of flight {unknown}
Books
 b - a book of Changes

   Spells                             Type                      Level
   a - Beastly Appendage              Transmutation                1
   b - Sticks to Snakes               Transmutation                2
   c - Spider Form                    Transmutation/Poison         3
   d - Ice Form                       Ice/Transmutation            4
   e - Blade Hands                    Transmutation                5
Comestibles
 c - a bread ration
 f - a beef jerky


   Skills:
 + Level 2.4 Fighting
 - Level 2.0 Dodging
 + Level 3.8 Unarmed Combat
 - Level 2.0 Spellcasting
 - Level 2.0 Transmutations
 + Level 0.2 Poison Magic


You couldn't memorise any spells.
You knew the following spells:

 Your Spells              Type           Power        Failure   Level  Hunger
a - Beastly Appendage     Trmt           #.....       10%         1    #......
b - Sticks to Snakes      Trmt           #.......     14%         2    ###....
c - Spider Form           Trmt/Pois      #.........   38%         3    ###....


Dungeon Overview and Level Annotations

Branches:
Dungeon (2/15)

Altars:

Annotations:
D:2 Natasha


Innate Abilities, Weirdness & Mutations

You cannot wear most types of armour.
You are amphibious.
You can wear up to eight rings at the same time.
You can use your tentacles to constrict eight enemies at once.
Your skin changes colour to match your surroundings (Stealth).
Your rubbery body absorbs attacks (AC +1).
One of your tentacles bears a large vicious spike.


Message History

You tentacle-slap Natasha but do no damage.
You grab Natasha. You squeeze Natasha, but do no damage.
You constrict Natasha, but do no damage.
The adder bites you.
* * * LOW HITPOINT WARNING * * *
Natasha casts a spell at you. You resist with significant effort.
The adder bites you.
* * * LOW HITPOINT WARNING * * *
Natasha casts a spell at you.
You feel as though you will be slow longer.
You are too injured to fight recklessly!
Casting: Beastly Appendage
Confirm with . or Enter, or press ? or * to list all spells.
One of your tentacles grows a vicious spike.
You constrict Natasha. The adder closely misses you. Natasha barely misses you.
The adder barely misses you.
Drink which item? (? for menu, Esc to quit)
It was a potion of curing.
You feel better.
You constrict Natasha. The adder bites you. Natasha barely misses you.
Natasha claws you!
You die...

#...............#
#.....##.......##
...#.##.......#
##...##.......#
###....##.#.#.###
##.............#
##....)<...(...##
#####..#........(..#
....?.h@..###.###......
.......S..# #$# ....###
......?<..# #.# ...##
..........# ### !..#
.....[..... ....#
..........## ###
..........# ..........#


You could see Natasha and an adder.

Vanquished Creatures
  2 dart slugs (D:1)
  4 giant geckos (D:1)
  A giant cockroach (D:1)
  4 goblins (D:1)
  5 hobgoblins (D:1)
  2 jackals (D:1)
  4 bats (D:1)
  A giant newt (D:2)
  11 kobolds
  3 rats
  A plant (D:1)
38 creatures vanquished.

Vanquished Creatures (others)
  A plant (D:1)
1 creature vanquished.

Grand Total: 39 creatures vanquished

Notes
Turn   | Place    | Note
--------------------------------------------------------------
     0 | D:1      | Ijustatesigmund the Octopode Transmuter began the quest for the Orb.
     0 | D:1      | Reached XP level 1. HP: 13/13 MP: 3/3
   213 | D:1      | Reached XP level 2. HP: 14/19 MP: 5/5
   764 | D:1      | Reached XP level 3. HP: 22/24 MP: 4/6
  1074 | D:1      | Learned a level 2 spell: Sticks to Snakes
  1078 | D:1      | Learned a level 3 spell: Spider Form
  1361 | D:2      | Noticed Natasha
  1368 | D:2      | Slain by Natasha

Vault maps used:
D:1:      minmay_arrival_loop, minivault_26, lexackson_kobold_supper
D:2:      first_bread, tgw_xom, uniq_natasha

Skill      XL: |  1  2 |
---------------+-------+-----
Fighting       | 2 |  2.4
Dodging        | |  2.0
Unarmed Combat | |  3.8
Spellcasting   | |  2.0
Transmutations | |  2.0
Poison Magic   | |  0.2

Action                   || total
-------------------------++-------
Melee: Unarmed           ||   128
 Cast: Beastly Appendage ||     3
  Use: Potion            ||     1
 Stab: Sleeping          ||     3
  Eat: Chunk             ||     2
